Map: Rooftop Terrace

Players

Cannonfodder

  • Race: Terran Terran
  • Spawn Location: 6:00

Infamous

  • Race: Protoss Protoss
  • League: Silver
  • Spawn Location: 5:00

Arget

  • Race: Protoss Protoss
  • Spawn Location: 6:00

otavio

  • Race: Protoss Protoss
  • Spawn Location: 7:00

DeadlyHunter

  • Race: Terran Terran
  • Spawn Location: 12:00

Killsvane

  • Race: Terran Terran
  • Spawn Location: 12:00

HowardHK

  • Race: Protoss Protoss
  • Spawn Location: 1:00

deathcool

  • Race: Terran Terran
  • Spawn Location: 11:00

VOD

Have the link to the VOD?

Description

Time

  • Played on: April 4, 2018, 10:31 a.m.
  • Length: 5:15
Show
View Real Time Build Order
Export as new Build Order

Cannonfodder Terran 

Build Orders:  

Get SALT Encoding   

  12  0:02  SCV  
  13  0:14  SCV  
  13  0:19  Supply Depot  
  14  0:26  SCV  
  15  0:31  Refinery  
  15  0:40  SCV  
  16  0:43  Refinery  
  16  0:52  SCV  
  17  1:10  Barracks  
  17  1:11  Barracks  
  17  1:15  SCV  
  18  1:32  SCV  
  19  1:44  SCV  
  20  2:05  SCV  
  20  2:07  Command Center  
  21  2:08  Barracks Reactor  
  21  2:11  Barracks Tech Lab  
  21  2:17  SCV  
  22  2:34  Reaper  
  23  2:47  Supply Depot  
  23  2:48  Supply Depot  
  23  2:50  Supply Depot  
  23  3:08  Reaper x2, SCV  
  26  3:16  Reaper  
  26  3:28  SCV  
  26  3:31  SCV  
  28  3:40  Marine, Reaper  
  30  3:48  Barracks, Reaper  
  31  3:58  Reaper  
  31  4:12  Reaper  
  31  4:20  Reaper  
  31  4:29  SCV x2  
  31  4:30  Reaper  
  36  4:57  Barracks Reactor  
Show
View Real Time Build Order
Export as new Build Order

Infamous Protoss 

Build Orders: 1 Gate Expand 

Get SALT Encoding   

  12  0:01  Probe  
  13  0:14  Probe  
  14  0:20  Pylon  
  14  0:26  Probe  
  15  0:41  Gateway  
  15  0:42  Probe (Chrono Boost)  
  16  0:54  Probe (Chrono Boost)  
  17  0:57  Assimilator  
  17  1:03  Probe (Chrono Boost)  
  18  1:15  Probe  
  19  1:28  Nexus  
  19  1:30  Probe  
  20  1:44  Cybernetics Core  
  20  1:46  Probe  
  21  1:58  Probe (Chrono Boost)  
  22  2:02  Assimilator  
  22  2:04  Pylon  
  22  2:18  Probe, Warp Gate (Chrono Boost)  
  23  2:33  Probe  
  24  2:38  Stargate  
  24  2:42  Probe  
  25  2:45  Probe, Pylon  
  26  2:54  Probe  
  27  3:06  Probe x2  
  27  3:07  Gateway  
  27  3:09  Gateway  
  29  3:16  Stalker (Chrono Boost)  
  29  3:26  Void Ray (Chrono Boost)  
  26  3:34  Probe  
  25  3:44  Pylon  
  20  4:01  Probe x2  
  18  4:13  Probe  
  7  4:34  Forge  
Show
View Real Time Build Order
Export as new Build Order

Arget Protoss 

Build Orders:  

Get SALT Encoding   

  12  0:06  Probe  
  13  0:14  Pylon  
  13  0:18  Probe (Chrono Boost)  
  15  0:30  Probe (Chrono Boost)  
  15  0:35  Probe (Chrono Boost)  
  15  0:40  Gateway  
  16  0:44  Probe  
  17  0:52  Assimilator  
  17  0:56  Probe (Chrono Boost)  
  18  1:08  Probe (Chrono Boost), Pylon  
  19  1:13  Probe (Chrono Boost)  
  19  1:17  Assimilator  
  20  1:23  Probe, Pylon  
  21  1:34  Cybernetics Core  
  21  1:37  Probe  
  22  1:49  Probe  
  23  2:01  Probe  
  23  2:08  Gateway  
  24  2:13  Probe (Chrono Boost)  
  25  2:20  Twilight Council  
  25  2:25  Probe (Chrono Boost)  
  25  2:29  Stalker  
  28  2:32  Pylon  
  28  2:40  Probe  
  28  3:12  Pylon  
  25  3:26  Probe  
  5  3:51  Probe  
  2  4:15  Probe (Chrono Boost)  
  2  4:16  Pylon  
  4  4:25  Probe (Chrono Boost)  
  2  4:55  Probe (Chrono Boost)  
  3  5:05  Probe (Chrono Boost)  
Show
View Real Time Build Order
Export as new Build Order

otavio Protoss 

Build Orders:  

Get SALT Encoding   

  12  0:24  Pylon  
  12  0:29  Probe (Chrono Boost)  
  12  0:30  Assimilator  
  13  0:40  Probe (Chrono Boost)  
  14  0:45  Probe (Chrono Boost)  
  14  0:49  Gateway  
  15  0:56  Probe  
  16  1:08  Probe  
  17  1:14  Pylon  
  17  1:38  Cybernetics Core  
  17  2:00  Assimilator  
  17  2:03  Probe (Chrono Boost)  
  17  2:05  Nexus  
  18  2:26  Stargate  
  18  2:31  Pylon  
  18  2:41  Forge  
  18  2:44  Pylon  
  18  3:01  Stalker  
  20  3:16  Photon Cannon  
  20  3:19  Photon Cannon  
  20  3:36  Void Ray  
  20  3:40  Probe  
  25  4:00  Pylon  
  25  4:03  Pylon  
  25  4:14  Photon Cannon  
Show
View Real Time Build Order
Export as new Build Order

DeadlyHunter Terran 

Build Orders:  

Get SALT Encoding   

  12  0:33  Supply Depot  
  12  0:36  Engineering Bay  
  12  1:10  Barracks  
  12  2:08  Refinery x2  
  12  2:14  SCV  
  13  2:26  SCV  
  14  2:38  SCV  
  15  2:47  Command Center  
  15  2:50  SCV  
  16  2:54  Barracks Reactor  
  16  3:02  SCV  
  17  3:34  Marine x2  
  19  3:52  Marine x2  
  19  3:54  Supply Depot  
  21  3:56  Supply Depot  
  21  4:00  Supply Depot  
  21  4:10  Marine x2  
  21  4:12  SCV  
  24  4:24  SCV  
  24  4:26  Refinery x2  
  24  4:28  Marine x2  
  27  4:37  SCV  
  28  4:49  SCV  
  29  5:01  SCV  
Show
View Real Time Build Order
Export as new Build Order

Killsvane Terran 

Build Orders:  

Get SALT Encoding   

  12  0:01  SCV  
  13  0:16  SCV  
  14  0:21  Supply Depot  
  14  0:28  SCV  
  15  0:44  Barracks  
  15  0:55  Barracks  
  15  0:59  SCV  
  16  1:19  Barracks  
  16  1:31  Marine  
  17  1:36  Supply Depot  
  17  1:38  Barracks  
  17  1:49  Marine  
  17  1:50  Marine  
  19  2:02  Supply Depot  
  19  2:07  Marine x2  
  19  2:08  Marine  
  22  2:24  Marine  
  23  2:37  Bunker  
  23  2:42  Marine x3  
  26  3:00  Marine x2  
  27  3:05  Bunker  
  27  3:06  Marine  
  27  3:09  Marine  
  29  3:18  Marine x2  
  31  3:23  Marine  
  31  3:35  Marine  
  31  3:46  Bunker  
  31  3:57  Marine  
  31  3:58  Marine x3  
  31  4:12  Bunker  
  31  4:15  Marine x3  
Show
View Real Time Build Order
Export as new Build Order

HowardHK Protoss 

Build Orders:  

Get SALT Encoding   

  12  0:03  Probe  
  13  0:19  Probe  
  13  0:21  Pylon  
  14  0:32  Probe  
  15  0:40  Gateway  
  15  0:44  Probe  
  16  0:56  Probe  
  17  0:59  Gateway  
  17  1:06  Assimilator  
  17  1:08  Probe  
  18  1:20  Probe  
  18  1:24  Pylon  
  19  1:35  Zealot  
  21  1:41  Cybernetics Core  
  21  1:42  Probe  
  22  1:48  Zealot  
  24  1:54  Probe  
  25  2:05  Warp Gate (Chrono Boost)  
  25  2:08  Assimilator  
  25  2:10  Probe  
  25  2:12  Pylon  
  26  2:29  Twilight Council  
  26  2:30  Probe  
  26  2:34  Gateway  
  27  2:42  Probe  
  28  3:07  Probe  
  28  3:10  Charge (Chrono Boost)  
  28  3:12  Zealot x2  
  33  3:19  Probe  
  34  3:26  Gateway  
  34  3:27  Gateway  
  34  4:02  Probe  
  31  4:14  Probe  
  30  4:55  Pylon, Probe  
  29  5:09  Nexus  
Show
View Real Time Build Order
Export as new Build Order

deathcool Terran 

Build Orders: Command Center First (CC) 

Get SALT Encoding   

  12  0:22  SCV  
  13  0:34  SCV  
  14  0:46  SCV  
  15  0:50  Supply Depot  
  15  1:12  SCV  
  15  1:17  Command Center  
  16  1:23  Supply Depot  
  16  1:24  SCV  
  17  1:36  SCV  
  18  1:48  SCV  
  19  1:57  Supply Depot  
  19  2:00  SCV  
  20  2:12  SCV, Refinery  
  20  2:15  Refinery  
  21  2:24  SCV  
  22  2:30  Supply Depot  
  22  2:36  SCV  
  23  2:40  Command Center  
  23  2:48  SCV  
  24  3:14  Barracks  
  24  3:18  SCV  
  25  3:30  SCV  
  26  3:42  SCV  
  27  3:54  SCV  
  28  3:58  SCV  
  29  4:03  Supply Depot  
  29  4:06  SCV  
  29  4:07  Refinery  
  30  4:10  SCV  
  30  4:16  Refinery  
  31  4:21  SCV  
  31  4:22  SCV  
  33  4:26  Orbital Command  
  33  4:30  Refinery  
  33  4:33  Supply Depot, SCV  
  33  4:34  SCV  
  35  4:42  Refinery  
  35  4:45  SCV  
  35  4:47  SCV  
  37  4:58  Factory, SCV  
Tags
 
Add a new tag
Caveats
  • Supply blocks, unpowered buildings, or Contaminate may cause inaccurate times.
  • Supply counts are checked every 10 seconds.